Map: Eternal Empire LE

Players

INnoVation - Winner!

  • Race: Terran Terran
  • League: Master
  • Spawn Location: 1:00

Solar

  • Race: Zerg Zerg
  • League: Master
  • Spawn Location: 7:00

Event: StayAtHomestory Cup #2

VOD

Have the link to the VOD?

Description

Time

  • Played on: June 13, 2020, 3:23 p.m.
  • Length: 5:32

All games in this series

Show
View Real Time Build Order
Export as new Build Order

INnoVation Terran - Winner!

Build Orders: Reaper Expand 

Get SALT Encoding   

  12  0:00  SCV  
  13  0:12  SCV  
  14  0:17  Supply Depot  
  14  0:24  SCV  
  15  0:38  SCV  
  15  0:39  Barracks  
  16  0:43  Refinery  
  16  0:50  SCV  
  17  1:02  SCV  
  18  1:14  SCV  
  19  1:26  Orbital Command, Reaper  
  20  1:39  Command Center  
  20  1:50  Supply Depot  
  20  1:52  SCV  
  21  1:58  Marine  
  22  2:04  SCV  
  23  2:14  Factory  
  23  2:16  SCV  
  23  2:20  Barracks Reactor  
  24  2:28  SCV  
  25  2:38  Command Center  
  25  2:40  SCV  
  26  2:51  Orbital Command  
  26  2:53  SCV  
  27  3:03  Hellion, Barracks Tech Lab  
  27  3:04  Hellion  
  31  3:06  SCV  
  32  3:19  SCV x2  
  34  3:22  Marine, Stimpack  
  34  3:25  Hellion x2  
  39  3:32  SCV x2  
  41  3:40  Marine  
  42  3:44  SCV x2  
  44  3:49  Barracks  
  44  3:50  Orbital Command  
  44  3:52  Barracks  
  44  3:55  Factory Reactor  
  44  3:56  SCV x2  
  44  3:58  Marine  
  44  4:00  Refinery  
  47  4:08  SCV x2  
  49  4:12  Engineering Bay  
  49  4:13  Engineering Bay  
  49  4:15  Marine  
  49  4:16  Refinery x2  
  50  4:20  SCV  
  50  4:22  SCV  
  50  4:23  SCV, Supply Depot  
  53  4:34  SCV x2  
  53  4:35  SCV  
  53  4:37  Marine x2  
  53  4:38  Marine  
  59  4:39  Starport  
  59  4:41  Factory Reactor  
  59  4:47  Supply Depot  
  59  4:48  SCV x2  
  59  4:50  Marine x2  
  63  4:53  Orbital Command  
  63  4:56  Supply Depot  
  63  4:59  Marine x3  
  65  5:00  SCV x2  
  68  5:10  Marine x2  
Show
View Real Time Build Order
Export as new Build Order

Solar Zerg 

Build Orders: Hatch First 

Get SALT Encoding   

  12  0:01  Drone  
  13  0:13  Overlord  
  13  0:17  Drone  
  14  0:31  Drone x2  
  16  0:48  Hatchery  
  15  0:51  Drone  
  15  0:55  Drone  
  17  1:00  Drone  
  18  1:10  Extractor  
  17  1:14  Spawning Pool  
  17  1:17  Drone  
  17  1:20  Drone  
  18  1:30  Drone  
  19  1:41  Drone  
  20  1:55  Overlord  
  20  2:01  Queen, Zergling x4  
  20  2:02  Queen  
  26  2:18  Drone x2, Metabolic Boost  
  28  2:31  Hatchery  
  28  2:32  Drone  
  28  2:36  Drone  
  29  2:45  Queen  
  29  2:48  Drone  
  32  2:52  Overlord  
  32  2:56  Drone  
  32  2:58  Drone  
  34  3:01  Drone  
  34  3:02  Drone  
  36  3:11  Lair  
  36  3:13  Drone  
  36  3:15  Drone  
  36  3:17  Drone  
  39  3:24  Queen  
  39  3:26  Drone  
  42  3:29  Drone  
  42  3:32  Overlord  
  43  3:34  Drone  
  44  3:44  Zergling x8  
  44  3:48  Queen  
  50  3:51  Drone  
  50  3:55  Overlord  
  51  3:56  Zergling x4  
  51  4:02  Queen  
  52  4:07  Zergling x4  
  52  4:08  Zergling x4  
  58  4:14  Nydus Network  
  57  4:17  Zergling x2  
  57  4:18  Zergling x2  
  57  4:22  Zergling x6  
  62  4:25  Overlord  
  62  4:33  Queen  
  62  4:36  Overseer  
  64  4:40  Zergling x4  
  64  4:43  Overlord  
  66  4:46  Zergling x8  
  66  4:50  Zergling x4  
  71  5:00  Zergling x4  
  71  5:03  Zergling x2  
  71  5:06  Zergling x2  
  75  5:08  Zergling x2  
  75  5:11  Overlord  
  75  5:12  Nydus Canal  
  75  5:13  Zergling x4  
  77  5:14  Zergling x2  
Tags
 
Add a new tag
Caveats
  • Supply blocks, unpowered buildings, or Contaminate may cause inaccurate times.
  • Supply counts are checked every 10 seconds.